 Dungeon Crawl Stone Soup version 0.22.1-2-g9c5b331 (webtiles) character file.

119 diana the Slasher (level 4, 6/33 HPs)
             Began as a Demonspawn Gladiator on Nov 16, 2018.
             Quit the game on level 4 of the Dungeon.
             The game lasted 00:03:07 (1910 turns).

diana the Slasher (Demonspawn Gladiator)            Turns: 1910, Time: 00:03:08

Health: 6/33       AC:  4    Str: 13 (16) XL:     4   Next: 73%
Magic:  4/4        EV: 15    Int: 11 (14) God:
Gold:   123        SH:  0    Dex: 11 (14) Spells: 3/3 levels left

rFire    . . .     SeeInvis .   a - +0 long sword
rCold    + . .     Gourm    .   (no shield)
rNeg     . . .     Faith    .   b - +0 leather armour
rPois    .         Spirit   .   (helmet restricted)
rElec    .         Reflect  .   (no cloak)
rCorr    .         Harm     .   (no gloves)
MR       .....                  p - +0 pair of boots
Stlth    +.........             (no amulet)
HPRegen  0.11/turn              e - ring of protection from cold
MPRegen  0.09/turn              r - +3 ring of evasion

@: brilliant, lethally poisoned (6 -> -1), flying (expiring)
A: antennae 1, powered by death 1
a: no special abilities


You were on level 4 of the Dungeon.
You were very hungry.

You visited 1 branch of the dungeon, and saw 4 of its levels.

You collected 123 gold pieces.

Inventory:

Hand Weapons
 a - a +0 long sword (weapon)
Missiles
 d - 3 throwing nets (quivered)
Armour
 b - a +0 leather armour (worn)
 c - a +0 helmet
 p - a +0 pair of boots (worn)
Jewellery
 e - a ring of protection from cold (left hand)
 i - an uncursed ring of magical power
 r - a +3 ring of evasion (right hand)
Scrolls
 h - 3 scrolls of identify
 j - 2 scrolls of remove curse {unknown}
 m - a scroll of teleportation {unknown}
 q - a scroll of magic mapping {unknown}
Potions
 k - 3 potions of flight
 l - 3 potions of curing
 n - a potion of degeneration
 o - a potion of ambrosia
Comestibles
 f - 4 rations


   Skills:
 - Level 2.0 Fighting
 + Level 5.0 Long Blades
 - Level 1.7 Throwing
 - Level 2.6 Dodging


You had 3 spell levels left.
You didn't know any spells.
Your spell library contained the following spells:

 Spells                   Type           Power        Failure   Level  Hunger
 Beastly Appendage        Tmut           #.....       5%          1    ##.....
 Sticks to Snakes         Tmut           #.......     8%          2    ###....
 Spider Form              Tmut/Pois      #.........   14%         3    ####...
 Ice Form                 Ice/Tmut       #.......     38%         4    #####..
 Blade Hands              Tmut           #.........   69%         5    ######.


Dungeon Overview and Level Annotations

Branches:
Dungeon (4/15)
 Temple: D:4-7

Altars:

Annotations:
D:4 Sigmund


Innate Abilities, Weirdness & Mutations

You have a pair of small antennae on your head.
You regenerate a little health from kills.


Message History

Sigmund points at you and mumbles some strange words.
The magic dart hits you!
* * * LOW HITPOINT WARNING * * *
You feel sick.
The water moccasin completely misses you.
* * * LOW HITPOINT WARNING * * *
You feel sick.
As you read the scroll labeled PUTER TAMO, it crumbles to dust.
It is a scroll of identify.
Really abort (and waste the scroll)? [Y]es or [N]o only, please.
Really abort (and waste the scroll)?
Okay, then.
You are starting to lose your buoyancy.
* * * LOW HITPOINT WARNING * * *
You feel sick. The water moccasin bites you.
* * * LOW HITPOINT WARNING * * *
The water moccasin bites you but does no damage.
Unknown command.
Are you sure you want to abandon this character and quit the game? (Confirm

#...##..##.⌠w..⌠.#
#...##.. #...h...#
#.#.##)######'####
#.#.##.##.###.#{
##...?.S.h.w...#
#..S###.##..#.##
##l#.###[##.....a
#..aS....##......$.
##..@.....#..........
###.####.#......#.##
#@# .#....?.#.# #.#
......... # #.# ...
###


You could see Sigmund, a water moccasin, a worker ant, an adder and a frilled
lizard.

Vanquished Creatures
  Jessica (D:3)
  A gnoll (D:3)
  An adder (D:2)
  3 worms
  3 dart slugs
  A leopard gecko (D:4)
  4 bats
  3 giant cockroaches
  11 goblins
  11 hobgoblins
  5 kobolds
  A quokka (D:2)
  4 frilled lizards
  6 rats
55 creatures vanquished.

Notes
Turn   | Place    | Note
-------+----------+-------------------------------------------
     0 | D:1      | diana the Demonspawn Gladiator began the quest for the Orb.
     0 | D:1      | Reached XP level 1. HP: 16/16 MP: 1/1
    28 | D:1      | Reached skill level 3 in Long Blades
    58 | D:1      | Gained mutation: You regenerate a little health from kills.
                  | [demonic ancestry]
    58 | D:1      | Reached XP level 2. HP: 14/22 MP: 2/2
   741 | D:2      | Gained mutation: You have a pair of small antennae on your
                  | head. [demonic ancestry]
   741 | D:2      | Reached XP level 3. HP: 23/27 MP: 3/3
   802 | D:2      | Reached skill level 4 in Long Blades
  1465 | D:3      | Reached XP level 4. HP: 25/33 MP: 4/4
  1600 | D:3      | Noticed Jessica
  1606 | D:3      | Killed Jessica
  1843 | D:3      | Reached skill level 5 in Long Blades
  1903 | D:4      | Noticed a water moccasin
  1906 | D:4      | Noticed Sigmund
  1910 | D:4      | Quit the game

Skill      XL: |  1  2  3  4 |
---------------+-------------+-----
Long Blades    | 3 4 5 |  5.0
Fighting       | |  2.0
Throwing       | |  1.7
Dodging        | |  2.6

Action                   |  1- 3 |  4- 6 || total
-------------------------+-------+-------++-------
Melee: Long sword        |   129 |    22 ||   151
  Use: Potion            |       |     5 ||     5
       Scroll            |       |     1 ||     1
 Stab: Sleeping          |     5 |       ||     5
  Eat: Chunk             |     2 |       ||     2
Armor: Leather armour    |    26 |    21 ||    47
Dodge: Dodged            |    88 |    63 ||   151
       Rpst.: Long sword |    30 |    12 ||    42
